 Dungeon Crawl Stone Soup version 0.29.1-13-g9f3cf754e1 (webtiles) character file.

Game seed: 15970860650431165425

393 MajorAdolf the Sneak (level 6, 0/60 HPs)
             Began as a Naga Wanderer on Jan 20, 2023.
             Was an Initiate of Gozag.
             Slain by Grinder (4 damage)
             ... on level 4 of the Dungeon.
             The game lasted 00:07:11 (6734 turns).

MajorAdolf the Sneak (Naga Wanderer)                Turns: 6734, Time: 00:07:12

Health: 0/60       AC: 10    Str: 11    XL:     6   Next: 81%
Magic:  9/9        EV:  7    Int: 17    God:    Gozag
Gold:   451        SH:  0    Dex: 11    Spells: 9/9 levels left

rFire   . . .      SeeInvis +   p - +1 hand axe (drain)
rCold   . . .      Faith    .   (no shield)
rNeg    . . .      Spirit   .   d - +0 robe
rPois   +          Reflect  .   h - +0 helmet
rElec   .          Harm     .   z - +0 cloak
rCorr   .          Rampage  .   b - +0 pair of gloves
Will    .....                   m - +0 barding
Stlth   +++.......              (no amulet)
HPRegen 0.20/turn               (no ring)
MPRegen 0.11/turn               (no ring)

@: very slow
A: AC +2, large, see invisible, deformed body, poison resistance, slowness 2,
spit poison 1, naga tail 1
a: Spit Poison, Renounce Religion, Potion Petition, Call Merchant, Bribe Branch


You were on level 4 of the Dungeon.
You worshipped Gozag.
Gozag was aware of your devotion.
You visited 1 branch of the dungeon, and saw 4 of its levels.

You collected 490 gold pieces.
You paid 39 gold pieces to Gozag.

Inventory:

Hand Weapons
 f - a +2 short sword of protection
 n - a +0 dagger
 p - a +1 hand axe of draining (weapon)
Armour
 b - a +0 pair of gloves (worn)
 d - a +0 robe (worn)
 h - a +0 helmet (worn)
 m - a +0 barding (worn)
 z - a +0 cloak (worn)
 A - a +0 pair of gloves
Magical Staves
 t - a staff of cold
Wands
 o - a wand of mindburst (8)
 w - a wand of paralysis (10)
Scrolls
 j - a scroll of amnesia
 l - 4 scrolls of identify
 r - a scroll of poison
 v - a scroll of teleportation
 y - a scroll of fear {unknown}
Potions
 a - 2 potions of cancellation {unknown}
 c - a potion of brilliance
 e - a potion of attraction
 g - 4 potions of curing {unknown}
 i - 2 potions of haste {unknown}
 k - 2 potions of heal wounds {unknown}
 q - a potion of berserk rage {unknown}
 s - a potion of mutation {unknown}
 u - 3 potions of degeneration {unknown}
 x - a potion of flight {unknown}


   Skills:
 + Level 4.9 Fighting
 + Level 2.8 Axes
 - Level 1.0 Armour
 - Level 1.0 Dodging
 - Level 5.8 Stealth
 - Level 2.0 Spellcasting
 - Level 2.0 Necromancy
 + Level 2.7 Evocations


You had 9 spell levels left.
You didn't know any spells.
Your spell library contained the following spells:

 Spells                   Type           Power      Damage    Failure   Level
 Necrotise                Necr           32%        1d5       9%          1
 Sublimation of Blood     Necr           8%         N/A       13%         2
 Foxfire                  Conj/Fire      4%         2x1d4     19%         1
 Conjure Flame            Conj/Fire      1%         6-21      50%         3
 Inner Flame              Hex/Fire       1%         N/A       50%         3
 Dispel Undead            Necr           8%         3d8       63%         4
 Airstrike                Air            0%         2d(1-17)  88%         4
 Flame Wave               Conj/Fire      1%         2d4       88%         4
 Summon Lightning Spire   Summ/Air       1%         N/A       88%         4
 Lightning Bolt           Conj/Air       0%         1d11      99%         5


Dungeon Overview and Level Annotations

Branches:
Dungeon (4/15)
 Temple: D:4-7

Altars:
Gozag
Ru
Yredelemnul
The Shining One

Shops:
D:1 *

Annotations:
D:4 1 runed translucent door, Grinder


Innate Abilities, Weirdness & Mutations

Your serpentine skin is tough. (AC +2)
You have supernaturally acute eyesight. (SInv)
Armour fits poorly on your strangely shaped body.
Your system is resistant to poisons. (rPois)
You cover ground very slowly.
You can spit poison.
You have a snake-like lower body.


Message History

Grinder is nearby!
Grinder hits you.
You writhe in agony.
You see here a +0 ring mail.
You barely miss Grinder.
Grinder is moderately wounded.
Grinder hits you but does no damage.
You hit Grinder.
Grinder is moderately wounded.
Grinder hits you but does no damage. x2
You hit Grinder.
Grinder is moderately wounded.
Grinder gestures at you.
You suddenly lose the ability to move!
Grinder hits you.
You writhe in agony.
Grinder blinks!
Grinder hits you.
You writhe in agony.
You can move again.
You closely miss Grinder.
Grinder is moderately wounded.
Grinder hits you.
You writhe in agony.
* * * LOW HITPOINT WARNING * * *
Unknown command.
You closely miss Grinder.
Grinder is moderately wounded.
Grinder barely misses you.
You hit Grinder but do no damage.
Grinder is moderately wounded.
Grinder hits you.
* * * LOW HITPOINT WARNING * * *
You writhe in agony.
* * * LOW HITPOINT WARNING * * *
Unknown command.
Aiming: Mindburst
Press: ? - help, Shift-Dir - straight line, f/p - Grinder
Aim: Grinder (moderately wounded, chance to affect: 75%) Grinder's mind is blasted!
Grinder hits you.
* * * LOW HITPOINT WARNING * * *
You writhe in agony.
You die...
Your body crumbles into a pile of gold.

## #._.##............. ####
####...###..#.#.......
...###..#####.............#
##..........5.............#
##.......#+#...............
##.......#p#...##.$$.......
##.......###...###...##.#..
##.............##.$.......
#........#......@5.........
.........#....#............
..####......###............
.. ######## #............
##.....#..... #.....#....
........... ........
.......


You could see Grinder and a neutral human (wandering).

Vanquished Creatures
  A scorpion (D:4)
  A howler monkey (D:4)
  A hound (D:3)
  3 orc priests
  An orc wizard (D:3)
  7 adders
  2 worms (D:2)
  2 dart slugs
  7 orcs
  4 ball pythons
  4 endoplasms
  5 giant cockroaches
  6 goblins
  6 hobgoblins
  4 kobolds
  8 quokkas
  7 bats
  5 frilled lizards
  A goblin skeleton (D:4)
  A jackal zombie (D:4)
  5 rats
81 creatures vanquished.

Vanquished Creatures (collateral kills)
  An endoplasm (D:1)
  A kobold (D:2)
2 creatures vanquished.

Vanquished Creatures (others)
  A fungus (D:3)
  A plant (D:3)
2 creatures vanquished.

Grand Total: 85 creatures vanquished

Notes
Turn   | Place    | Note
-------+----------+-------------------------------------------
     0 | D:1      | MajorAdolf the Naga Wanderer began the quest for the Orb.
     0 | D:1      | MajorAdolf set off with the following items: a +0 club, a
                  | +0 pair of gloves, a potion of brilliance, a +0 robe, a
                  | potion of attraction; and the following spell memorised:
                  | Necrotise; and the following spells available to memorise:
                  | Sublimation of Blood, Dispel Undead.
     0 | D:1      | Reached XP level 1. HP: 15/15 MP: 3/3
   266 | D:1      | Reached skill level 1 in Fighting
   296 | D:1      | Reached XP level 2. HP: 26/26 MP: 0/5
   843 | D:1      | Reached XP level 3. HP: 33/33 MP: 2/6
  1358 | D:1      | Found Secut's Assorted Antiques.
  1940 | D:2      | Reached XP level 4. HP: 42/42 MP: 7/7
  2225 | D:2      | Found an opulent altar of Gozag.
  2232 | D:2      | Became a worshipper of Gozag Ym Sagoz the Greedy
  2708 | D:3      | Found a faded altar of an unknown god.
  4905 | D:3      | Reached skill level 1 in Axes
  4905 | D:3      | Reached skill level 1 in Evocations
  4905 | D:3      | Reached XP level 5. HP: 47/50 MP: 8/8
  5981 | D:3      | Found a sacrificial altar of Ru.
  6010 | D:3      | Found a glowing golden altar of the Shining One.
  6278 | D:4      | Reached XP level 6. HP: 47/58 MP: 9/9
  6667 | D:4      | Found a runed translucent door.
  6667 | D:4      | Noticed a human
  6671 | D:4      | Found a basalt altar of Yredelemnul.
  6699 | D:4      | Noticed Grinder
  6727 | D:4      | Paralysed by Grinder for 4 turns
  6734 | D:4      | Slain by Grinder

Illustrated notes

Levels and vault maps discovered:
D:1:      mrwooster_arrival_statue_3, layout_loops_cross, serial_shops,
          nicolae_shop_stone
D:2:      layout_basic, basic_altar
D:3:      layout_rooms, lemuel_doored_altar, amcnicky_altar_gilded,
          shapermc_ecumenical_altar_rom_forum, grunt_ministairs_4,
          minmay_misc_feat_pillars, amcnicky_mini_pool_small,
          nrook_mini_backslash, chequers_hall_statues_wall_a
D:4:      layout_rooms, dk_yredelemnul_ordeal, uniq_grinder

Skill      XL: |  1  2  3  4  5 |
---------------+----------------+-----
Fighting       | 1 2 3 4 |  4.9
Axes           | 1 2 |  2.8
Evocations     | 1 2 |  2.7
Armour         | |  1.0
Dodging        | |  1.0
Stealth        | |  5.8
Spellcasting   | |  2.0
Necromancy     | |  2.0

Action                   |  1- 3 |  4- 6 || total
-------------------------+-------+-------++-------
Melee: Club              |    32 |       ||    32
       Dagger            |    40 |       ||    40
       Hand axe          |     5 |   181 ||   186
       Punch             |       |     3 ||     3
 Cast: Necrotise         |    44 |    14 ||    58
 Abil: Spit Poison       |     7 |    11 ||    18
Evoke: Wand              |       |     1 ||     1
  Use: Scroll            |       |     5 ||     5
 Stab: Sleeping          |     3 |     6 ||     9
Armor: Robe              |    61 |   125 ||   186
Dodge: Dodged            |    36 |    88 ||   124
